 Dungeon Crawl Stone Soup version 0.32-a0-39-g5c88369fb2 (webtiles) character file.

Game seed: 10990481764534511358

47 Colgate the Gusty (level 3, -1/16 HPs)
             Began as a Vine Stalker Air Elementalist on Feb 5, 2024.
             Slain by Sigmund
             ... wielding a +0 scythe
              (11 damage)
             ... on level 2 of the Dungeon.
             The game lasted 00:02:22 (1526 turns).

Colgate the Gusty (Vine Stalker Air Elementalist)   Turns: 1526, Time: 00:02:22

Health: -1/16      AC:  3    Str: 12    XL:     3   Next: 70%
Magic:  0/7        EV: 11    Int: 15    God:
Gold:   58         SH:  0    Dex: 14    Spells: 5/6 levels left

rFire   . . .        a - +0 dagger
rCold   . . .        (no shield)
rNeg    . . .        j - +0 leather armour
rPois   .            (no helmet)
rElec   .            i - scarf {harm}
rCorr   .            (no gloves)
SInv    .            (no boots)
Will    .....        (no amulet)
Stlth   ++           (no ring)
HPRegen 1.02/turn    (no ring)
MPRegen 0.10/turn

%: harm (+30% outgoing, +20% incoming), guardian spirit
@: no status effects
A: fangs 2, regeneration 1, magic shield, antimagic bite, no potion heal 2
a: no special abilities


You were on level 2 of the Dungeon.
You visited 1 branch of the dungeon, and saw 2 of its levels.

You collected 58 gold pieces.

Inventory:

Hand Weapons
 a - a +0 dagger (weapon)
Armour
 i - a scarf of harm (worn)
 j - a +0 leather armour (worn)
Jewellery
 m - an amulet of faith
Scrolls
 d - a scroll of teleportation {unknown}
 e - a scroll of amnesia {unknown}
 h - a scroll of summoning {unknown}
 k - a scroll of identify {unknown}
Potions
 b - a potion of magic
 c - a potion of enlightenment {unknown}
 f - 2 potions of degeneration {unknown}
 g - a potion of curing {unknown}
 l - a potion of might {unknown}


   Skills:
 + Level 2.9 Short Blades
 - Level 1.5 Dodging
 - Level 2.4 Stealth
 - Level 2.1 Spellcasting
 - Level 1.0 Conjurations
 - Level 3.0 Air Magic


You had 5 spell levels left.
You knew the following spells:

 Your Spells              Type           Power      Damage    Failure   Level
a - Shock                 Conj/Air       28%        1d4       12%         1

Your spell library contained the following spells:

 Spells                   Type           Power      Damage    Failure   Level
 Static Discharge         Conj/Air       14%        3-4/arc   19%         2
 Swiftness                Air            10%        N/A       24%         3
 Hailstorm                Conj/Ice       3%         3d5       56%         3
 Summon Ice Beast         Ice/Summ       1%         N/A       63%         3
 Airstrike                Air            5%         2d(1-17)  63%         4
 Sculpt Simulacrum        Ice/Alch       0%         N/A       100%        6


Dungeon Overview and Level Annotations

Branches:
Dungeon (2/15)

Altars:
Hepliaklqana

Annotations:
D:2 Sigmund


Innate Abilities, Weirdness & Mutations

You have extremely sharp teeth.
Your natural rate of healing is unusually fast.
When hurt, damage is shared between your health and your magic reserves.
Your bite disrupts and absorbs the magic of your enemies.
Potions cannot restore your health.


Message History

You are too injured to fight recklessly!
Sigmund is nearby!
You are too injured to fight recklessly!
Sigmund is nearby!
You are too injured to fight recklessly!
Sigmund is nearby!
You are too injured to fight recklessly!
Sigmund is nearby!
You are too injured to fight recklessly!
Sigmund is nearby!
You are too injured to fight recklessly!
Sigmund is nearby!
You are too injured to fight recklessly!
Sigmund is nearby!
You are too injured to fight recklessly!
Sigmund is nearby!
You are too injured to fight recklessly!
Sigmund is nearby!
You are too injured to fight recklessly!
Sigmund is nearby!
You are too injured to fight recklessly!
Sigmund is nearby!
You are too injured to fight recklessly!
Sigmund is nearby!
You are too injured to fight recklessly!
Sigmund is nearby!
You are too injured to fight recklessly!
Sigmund is nearby!
You hit Sigmund. Your bite misses Sigmund. Sigmund closely misses you.
You closely miss Sigmund. Your bite misses Sigmund.
Sigmund casts a spell.
Sigmund flickers and vanishes!
Deactivating autopickup; reactivate with Ctrl-A.
You barely miss something. Something hits you.
You closely miss something. Your bite misses something. You hit something.
Your bite misses something. Something hits you.
You barely miss something. Your bite misses something.
You closely miss something. Your bite misses something. Something hits you!
Ouch! That really hurt!
You die...

#...........#.# #...........#.##
#..............###
#########.................
#................[.._...##
########.......................#
.......#......................###
............................)>...
.......#.......{@....รท......#<###
...................>........#.#
#........#####..............#.#
.........# #..............#.#
.........# #......#########.#
.<.......# #......# #.# .........#
#......# #.# .........# #......#
#.# .........## #......# #.#


There were no monsters in sight!

Vanquished Creatures
  An adder (D:2)
  2 ball pythons (D:1)
  4 endoplasms (D:1)
  A giant cockroach (D:1)
  6 goblins
  3 hobgoblins (D:1)
  3 jackals (D:1)
  3 quokkas (D:1)
  2 bats
  4 frilled lizards
  2 kobolds
  2 rats
33 creatures vanquished.

Notes
Turn   | Place    | Note
-------+----------+-------------------------------------------
     0 | D:1      | Colgate the Vine Stalker Air Elementalist began the quest
                  | for the Orb.
     0 | D:1      | Reached XP level 1. HP: 9/9 MP: 4/4
   151 | D:1      | Reached skill level 1 in Short Blades
   201 | D:1      | Reached XP level 2. HP: 13/13 MP: 4/6
   689 | D:1      | Reached XP level 3. HP: 16/16 MP: 7/7
  1226 | D:2      | Found a hazy altar of Hepliaklqana.
  1277 | D:2      | Noticed Sigmund
  1526 | D:2      | Slain by Sigmund

Illustrated notes

Levels and vault maps discovered:
D:1:      eino_arrival_cavern_b, layout_basic, serial_bayou_pond_c
D:2:      layout_basic, shapermc_ecumenical_altar_rom_forum, basic_altar,
          uniq_sigmund

Skill      XL: |  1  2 |
---------------+-------+-----
Short Blades   | 1 2 |  2.9
Dodging        | |  1.5
Stealth        | |  2.4
Spellcasting   | |  2.1
Conjurations   | |  1.0
Air Magic      | |  3.0

Action                     || total
---------------------------++-------
  Melee: Unarmed           ||    37
         Bite              ||    35
         Dagger            ||    95
   Stab: Sleeping          ||     4
 Armour: Robe              ||    65
         Leather armour    ||    26
  Dodge: Dodged            ||   105

Table legend: (Time is in decaauts)
 A = Elapsed time spent in this place.
 B = Non-inter-level travel time spent in this place.
 C = Inter-level travel time spent in this place.
 D = Time resting spent in this place.
 E = Time spent auto-exploring this place.
 F = Levels seen in this place.
 G = Mean time per level.
                   A        B        C        D        E       F      G
               +--------+--------+--------+--------+--------+-----+--------+
         Total |   1527 |   1395 |    132 |     69 |   1015 |   2 |  763.5 |
       Dungeon |   1527 |   1395 |    132 |     69 |   1015 |   2 |  763.5 |
               +--------+--------+--------+--------+--------+-----+--------+

Top non-repeatable levels by time:
     D:1: 1295 daAuts
     D:2: 231 daAuts
